 Dungeon Crawl Stone Soup version 0.18.1-5-g4a78601 (webtiles) character file.

9922 ololoev the Cleaver (level 11, -12/87 HPs)
             Began as a Formicid Wanderer on May 12, 2016.
             Was an Elder of Zin.
             Mangled by a centaur warrior
             ... wielding the +8 autumn katana {slice, Clar}
              (23 damage)
             ... on level 9 of the Dungeon.
             The game lasted 00:41:53 (13910 turns).

ololoev the Cleaver (Formicid Wanderer)            Turns: 13910, Time: 00:41:54

Health: -12/87     AC: 21    Str: 20    XL:     11   Next: 83%
Magic:  17/17      EV:  8    Int: 13    God:    Zin [****..]
Gold:   340        SH:  0    Dex: 15    Spells: 0 memorised, 10 levels left

rFire  + . .     SeeInvis +     b - +0 hand axe (venom)
rCold  . . .     Gourm    .     q - +4 chain mail {rF+}
rNeg   . . .     Faith    .     (no shield)
rPois  .         Spirit   .     (helmet unavailable)
rElec  .         Dismiss  .     (no cloak)
rCorr  .         Reflect  .     n - +0 pair of gloves
SustAt .         Harm     .     (no boots)
MR     +....                    (no amulet)
Stlth  ..........               p - +5 ring of protection
                                v - +6 ring of dexterity

@: somewhat resistant to hostile enchantments, extremely unstealthy
A: permanent stasis, dig shafts and tunnels, four strong arms, antennae 3
a: Dig, Shaft Self, Recite, Vitalisation, Imprison, Donate Gold, Renounce
Religion


Innate Abilities, Weirdness & Mutations

You are under a permanent stasis effect.
You can dig through walls and to a lower floor.
Your four strong arms can wield two-handed weapons with a shield.
You have a pair of large antennae on your head (SInv).

Inventory:

Hand Weapons
 a - a +0 battleaxe
 b - a +0 hand axe of venom (weapon)
 L - a +2 falchion of flaming
Armour
 n - a +0 pair of gloves (worn)
 q - a +4 chain mail of fire resistance (worn)
Jewellery
 l - an uncursed ring of positive energy
 p - a +5 ring of protection (right hand)
 v - a +6 ring of dexterity (left hand)
 E - an uncursed ring of ice
Wands
 h - a wand of disintegration (0/24)
 t - a wand of confusion (0/48)
 N - a wand of acid (3/15)
Scrolls
 d - 2 scrolls of immolation {unknown}
 j - 4 scrolls of enchant weapon
 m - 2 scrolls of remove curse {unknown}
 o - a scroll of fog
 s - a scroll of magic mapping {unknown}
 u - 4 scrolls of enchant armour
 x - a scroll of fear {unknown}
 y - 2 scrolls of teleportation {unknown}
 B - 2 scrolls of random uselessness {unknown}
 G - a scroll of recharging {unknown}
Potions
 e - 4 potions of curing
 g - a potion of resistance {unknown}
 i - a potion of cure mutation {unknown}
 k - a potion of heal wounds
 r - 3 potions of flight
 w - a potion of ambrosia
 C - 2 potions of invisibility {unknown}
 D - a potion of magic {unknown}
 F - a potion of haste {unknown}
 H - 3 potions of brilliance {unknown}
 J - a potion of lignification {unknown}
Miscellaneous
 I - a lamp of fire (inert)
Comestibles
 f - 5 bread rations
 z - 4 meat rations
 A - 8 slices of pizza
 K - 6 fruits


   Skills:
 + Level 8.7 Fighting
 * Level 10.6(10.9) Axes
   Level 3.7(7.8) Maces & Flails
 + Level 9.1 Armour
   Level 1.0 Fire Magic
   Level 1.5 Air Magic
 * Level 8.4 Invocations
 + Level 5.2 Evocations


You had 10 spell levels left.
You didn't know any spells.


You were on level 9 of the Dungeon.
You worshipped Zin.
Zin was greatly pleased with you.
You were very hungry.

You visited 2 branches of the dungeon, and saw 10 of its levels.

You collected 568 gold pieces.
You donated 228 gold pieces to Zin.

#######.#.......#...#############
#.#########...# #...........(.#
#########..#######..# #########
....................# #........
##....######....#...# #........
.. #.............# #.^....o.
#......##§§§..# #........ {
#......##c@§..# #........
#........§§§.(# #...o....
#....#...(#.§.# #[.......
...........#...# #........ {
...##......#...# #........
#......#...#####........
.......:#$............... #
#....######..######........ .....
...# #........

Notes
Turn   | Place    | Note
--------------------------------------------------------------
     0 | D:1      | ololoev the Formicid Wanderer began the quest for the Orb.
     0 | D:1      | ololoev set off with: a wand of confusion (15/48), a +0 mace, the Catalogue of Feathers, a +0 robe, a bread ration
     0 | D:1      | Reached XP level 1. HP: 13/13 MP: 2/2
   281 | D:1      | Reached XP level 2. HP: 6/20 MP: 3/3
   856 | D:1      | Reached skill level 1 in Fighting
  1226 | D:1      | Reached XP level 3. HP: 21/26 MP: 4/4
  2595 | D:2      | Noticed Terence
  2743 | D:1      | Reached XP level 4. HP: 13/32 MP: 5/5
  3000 | D:1      | Killed Terence
  3358 | D:2      | Noticed Sigmund
  3366 | D:2      | Reached XP level 5. HP: 38/38 MP: 7/7
  3377 | D:2      | Killed Sigmund
  3377 | D:2      | Reached skill level 2 in Axes
  3377 | D:2      | Reached XP level 6. HP: 36/46 MP: 8/8
  4067 | D:2      | Found an iron altar of Okawaru.
  4195 | D:3      | Found an opulent altar of Gozag.
  4527 | D:3      | Noticed an ogre
  4555 | D:3      | Killed an ogre
  4555 | D:3      | Reached skill level 3 in Axes
  4555 | D:3      | Reached XP level 7. HP: 27/52 MP: 9/9
  5078 | D:4      | Found an oddly glowing altar of Pakellas.
  5078 | D:4      | Noticed an orange crystal statue
  5728 | D:5      | Entered Level 5 of the Dungeon
  5787 | D:5      | Found a staircase to the Ecumenical Temple.
  5862 | Temple   | Entered the Ecumenical Temple
  6053 | Temple   | Goblin1989: у тебя эля не было
  6053 | Temple   | Goblin1989: хм
  6053 | Temple   | Goblin1989: был!
  6053 | Temple   | Goblin1989: рю не было!
  6170 | D:4      | Reached skill level 4 in Axes
  6208 | D:5      | Reached skill level 5 in Armour
  6208 | D:5      | Reached XP level 8. HP: 35/60 MP: 10/10
  7199 | D:5      | Found a bloodstained altar of Trog.
  7220 | D:5      | Reached skill level 5 in Axes
  7433 | D:5      | Reached skill level 5 in Fighting
  7469 | D:5      | Noticed Rationalist's ghost (novice FoFi)
  7478 | D:5      | Killed Rationalist's ghost
  7478 | D:5      | Reached skill level 6 in Axes
  7478 | D:5      | Reached XP level 9. HP: 53/69 MP: 11/11
  7752 | D:5      | Reached skill level 7 in Axes
  8054 | D:6      | Found a glowing golden altar of the Shining One.
  8152 | D:6      | Noticed Grinder
  8183 | D:6      | Killed Grinder
  8264 | D:6      | Noticed Blork the orc
  8280 | D:6      | Killed Blork the orc
  8904 | D:7      | Reached skill level 8 in Axes
  9110 | D:7      | Found a glowing silver altar of Zin.
  9116 | D:7      | Became a worshipper of Zin the Law-Giver
  9116 | D:7      | Reached * piety under Zin
  9117 | D:7      | Donated 172 gold pieces to Zin
  9129 | D:7      | Reached ** piety under Zin
  9147 | D:7      | Reached XP level 10. HP: 79/79 MP: 12/12
  9390 | D:5      | Reached skill level 1 in Invocations
 10256 | D:7      | Found a shadowy altar of Dithmenos.
 10519 | D:8      | Reached *** piety under Zin
 10605 | D:8      | Reached skill level 9 in Axes
 10824 | D:8      | Found Zostaopu's Antique Armour Emporium.
 10859 | D:8      | Noticed Psyche
 10887 | D:8      | Killed Psyche
 11274 | D:8      | Found a staircase to the Lair.
 11275 | D:8      | Noticed a komodo dragon
 11416 | D:8      | Found a snail-covered altar of Cheibriados.
 11501 | D:8      | Killed a komodo dragon
 11501 | D:8      | Reached skill level 5 in Invocations
 12049 | D:8      | Found a sparkling altar of Nemelex Xobeh.
 12053 | D:8      | Found an iron altar of Okawaru.
 12053 | D:8      | Found a bloodstained altar of Trog.
 12061 | D:8      | Found a basalt altar of Yredelemnul.
 12064 | D:8      | Found an opulent altar of Gozag.
 12207 | D:9      | Noticed Gastronok
 12420 | D:9      | jacquesderrida: ZANE
 12420 | D:9      | ololoev: yo
 12425 | D:9      | Reached XP level 11. HP: 86/86 MP: 15/15
 12446 | D:9      | Found a staircase to the Orcish Mines.
 12639 | D:9      | Noticed a six-headed hydra
 12707 | D:8      | Noticed a three-headed hydra
 12712 | D:8      | Killed a one-headed hydra
 12712 | D:8      | Reached skill level 10 in Axes
 12788 | D:9      | Killed Gastronok
 13016 | D:9      | Reached **** piety under Zin
 13040 | D:9      | Killed a one-headed hydra
 13727 | D:9      | Reached skill level 5 in Evocations
 13895 | D:9      | Noticed a centaur warrior
 13906 | D:9      | jacquesderrida: РИППЕД
 13907 | D:9      | jacquesderrida: КОТАНЕР!
 13907 | D:9      | ololoev: пипеццццц!
 13907 | D:9      | ololoev: зерк!!!!!
 13907 | D:9      | ololoev: ааааааа!
 13907 | D:9      | jacquesderrida: ебааааааааать
 13907 | D:9      | ololoev: это жесть!!
 13907 | D:9      | jacquesderrida: Давай тоже!
 13910 | D:9      | Mangled by a centaur warrior

Dungeon Overview and Level Annotations

Branches:
Dungeon (9/15)             Temple (1/1) D:5            Lair (0/8) D:8
    Orc (0/2) D:9

Altars:
Ashenzari
Cheibriados
Dithmenos
Elyvilon
Fedhas
Gozag
Kikubaaqudgha
Makhleb
Nemelex Xobeh
Okawaru
Pakellas
Qazlal
Ru
Sif Muna
Trog
Vehumet
Xom
Yredelemnul
Zin
The Shining One

Shops:
D:8 [


Message History

The howler monkey zombie bites you but does no damage.
You hit the troll but do no damage.
The troll looks even sicker.
The troll is lightly wounded.
You hit the howler monkey zombie.
The troll bites the howler monkey zombie!
The troll claws the howler monkey zombie!
The troll claws the howler monkey zombie.
The howler monkey zombie is destroyed!
Zin accepts your kill.
You completely miss the troll.
The troll is lightly wounded.
The troll laughs crazily.
Unknown command.
You slash the troll!
The troll is heavily wounded.
You slash the troll!
The troll is severely wounded.
The troll bites you! The troll claws you but does no damage.
The troll claws you.
You catch the helpless troll completely off-guard!
You hit the troll.
The troll is almost dead.
You hit the troll.
The troll is almost dead.
You kill the troll!
You start resting.
A centaur warrior comes into view.
It is wielding the +8 autumn katana {slice, Clar}.
The centaur warrior shouts!
The centaur warrior unwields the +8 autumn katana {slice, Clar}.
The centaur warrior wields a runed shortbow.
It bursts into flame!
The centaur warrior shoots an arrow.
The arrow hits you! The arrow burns you.
You see here an arrow.
Found a shortbow.
You start resting.
You sense a monster nearby.
The centaur warrior shoots an arrow.
The arrow barely misses you.
The centaur warrior unwields an uncursed shortbow of flaming.
It stops flaming.
The centaur warrior wields the +8 autumn katana {slice, Clar}.
The centaur warrior hits you with the +8 autumn katana {slice, Clar}!
The centaur warrior hits you with the +8 autumn katana {slice, Clar}.
You slash the centaur warrior!
The centaur warrior is lightly wounded.
The centaur warrior hits you with the +8 autumn katana {slice, Clar}.
Drink which item? (? for menu, Esc to quit)
You feel much better.
The centaur warrior hits you with the +8 autumn katana {slice, Clar}!
Use which ability? (? or * to list) You're too short of breath to recite.
Drink which item? (? for menu, Esc to quit)
You feel much better.
You have got your breath back.
The centaur warrior hits you but does no damage.
Evoke which item? (* to show all) (? for menu, Esc to quit)
Zapping:
N - a wand of acid (4/15)
Press: ? - help, Shift-Dir - straight line, f - centaur warrior
Aim: a centaur warrior, wielding the +8 autumn katana {slice, Clar} and wearing a shiny ice dragon armour (lightly wounded)
The bolt of acid hits the centaur warrior.
The acid corrodes the centaur warrior!
The centaur warrior is lightly wounded.
This wand has 3 charges left.
The centaur warrior hits you but does no damage.
The centaur warrior drinks a potion.
The centaur warrior goes berserk!
Unknown command.
Drink which item? (? for menu, Esc to quit)
It was a potion of ambrosia.
You are confused.
You feel invigorated.
The centaur warrior hits you with the +8 autumn katana {slice, Clar}.
The centaur warrior hits you with the +8 autumn katana {slice, Clar}!
The centaur warrior hits you with the +8 autumn katana {slice, Clar}!!
Drink which item? (? for menu, Esc to quit)
You feel better.
You feel less invigorated.
The centaur warrior hits you with the +8 autumn katana {slice, Clar}! x2
Read which item? (? for menu, Esc to quit)
As you read the scroll labeled LOEHIH PIECH, it crumbles to dust.
The scroll dissolves into smoke.
It was a scroll of fog.
The centaur warrior hits you with the +8 autumn katana {slice, Clar}!!
You die...

You could see a centaur warrior (berserk).

Vanquished Creatures
  2 hydras
  The ghost of Rationalist the Shield-Bearer, a novice FoFi of Qazlal (D:5)
  Psyche (D:8)
  A komodo dragon (D:8)
  Grinder (D:6)
  2 trolls
  Sigmund (D:2)
  2 yaks (D:8)
  A hungry ghost (D:7)
  A water moccasin (D:9)
  2 ice beasts
  3 orc warriors
  3 sky beasts
  2 ogres
  A phantom (D:9)
  A wolf (D:7)
  7 centaurs
  Blork the orc (D:6)
  4 big kobolds (D:8)
  A gnoll sergeant (D:5)
  2 giant frogs
  A water moccasin skeleton (D:5)
  5 wights (D:9)
  18 killer bees
  3 crimson imps
  A centaur zombie (D:9)
  A giant frog zombie (D:8)
  3 jellies
  2 giant frog skeletons (D:7)
  3 hounds (D:8)
  A centaur skeleton (D:5)
  A gnoll shaman (D:5)
  3 orc priests
  6 orc wizards
  Terence (D:1)
  3 iguanas
  3 worker ants
  2 sheep (D:8)
  A hound skeleton (D:7)
  A howler monkey zombie (D:9)
  39 gnolls
  A howler monkey skeleton (D:8)
  10 adders
  A shadow imp (D:9)
  An ooze (D:5)
  An adder skeleton (D:7)
  2 dart slugs (D:1)
  6 giant geckos
  22 orcs
  12 bats
  6 giant cockroaches
  11 goblins
  12 hobgoblins
  22 jackals
  19 kobolds
  2 quokkas
  4 giant gecko skeletons
  7 giant newts
  8 rats
  A plant (D:8)
286 creatures vanquished.

Vanquished Creatures (collateral kills)
  Gastronok (D:9)
  A hound (D:9)
2 creatures vanquished.

Vanquished Creatures (others)
  A wasp (D:4)
  6 plants (D:8)
7 creatures vanquished.

Grand Total: 295 creatures vanquished

Action                   |  1- 3 |  4- 6 |  7- 9 | 10-12 || total
-------------------------+-------+-------+-------+-------++-------
Melee: Mace              |   147 |   199 |       |       ||   346
       Hand axe          |       |    35 |   411 |   476 ||   922
       Battleaxe         |       |       |       |    29 ||    29
       Falchion          |       |       |       |    14 ||    14
Throw: Throwing net      |       |       |       |     7 ||     7
Invok: Donate Gold       |       |       |     1 |       ||     1
       Recite            |       |       |       |    11 ||    11
Evoke: Wand              |     6 |     9 |    25 |    14 ||    54
       Lamp of fire      |       |       |       |     1 ||     1
  Use: Scroll            |       |     5 |       |     4 ||     9
       Potion            |       |       |     1 |     4 ||     5
 Stab: Confused          |       |     5 |       |     3 ||     8
       Invisible         |       |       |       |     2 ||     2
       Held in net/web   |       |       |       |     1 ||     1
  Eat: Chunk             |     6 |     6 |    16 |     1 ||    29
       Royal jelly       |       |       |     1 |       ||     1
       Meat ration       |       |       |       |     2 ||     2
       Fruit             |       |       |       |     6 ||     6
       Beef jerky        |       |       |       |     1 ||     1
Armor: Robe              |    47 |       |       |       ||    47
       Leather armour    |     6 |    10 |       |       ||    16
       Chain mail        |       |   140 |   278 |   355 ||   773
Dodge: Dodged            |   114 |    99 |   157 |   202 ||   572

Vault maps used:
D:1:      ncdulo_lavacross, minivault_14, st_stairs_6, serial_bayou_ford_a
D:2:      okawaru_altar_gauntlet_db, uniq_terence, uniq_sigmund
D:3:      first_bread, grunt_gozag_breadcrumbs
D:4:      gammafunk_pakellas_statue_experiment
D:5:      lemuel_castle_with_subvaults, temple_hall, trog_butcher_becter
D:6:      basic_altar, uniq_grinder, uniq_blork_the_orc
D:7:      kennysheep_mini, nicolae_overflow_crystal_walls
D:8:      minmay_overflow_temple_star_hex, david_lair_shrubbed, basic_altar,
          serial_shops, shop, hangedman_ranch, due_unseen_surprise, uniq_psyche
D:9:      minmay_cut_squares, minmay_orc_entry_temple_small,
          grunt_decor_arrowhead, hive_lemuel, uniq_gastronok, uniq_erica
Temple:   dpeg_five_rooms_temple_12
